 Dungeon Crawl Stone Soup version 0.27-a0-96-gb51a1d6fd6 (webtiles) character file.

Game seed: 10997638936439597883

214 Essalna the Skirmisher (level 5, 36/49 HPs)
             Began as a Palentonga Berserker on Jan 18, 2021.
             Was a Believer of Trog.
             Got out of the dungeon alive.
             The game lasted 00:07:19 (3530 turns).

Essalna the Skirmisher (Palentonga Berserker)       Turns: 3530, Time: 00:07:20

Health: 36/49      AC:  8    Str: 20    XL:     5   Next: 59%
Magic:  5/5        EV:  7    Int:  8    God:    Trog [**....]
Gold:   146        SH:  8    Dex: 10    Spells: 4/4 levels left

rFire    . . .     SeeInvis +   a - +0 hand axe
rCold    . . .     Faith    .   q - +0 kite shield (curse)
rNeg     + . .     Spirit   .   m - +1 ring mail {rN+}
rPois    .         Reflect  .   h - +0 helmet
rElec    .         Harm     .   (no cloak)
rCorr    .         Rampage  .   (no gloves)
Will     .....                  (no barding)
Stlth    ..........             d - amulet of inaccuracy (curse)
HPRegen  0.16/turn              (no ring)
MPRegen  0.09/turn              (no ring)

@: no status effects
A: large, rugged brown scales 3, see invisible, deformed body, roll 1, armoured
tail
a: Rolling Charge, Renounce Religion, Berserk, Trog's Hand


You escaped.
You worshipped Trog.
Trog was pleased with you.
You visited 1 branch of the dungeon, and saw 4 of its levels.

You collected 146 gold pieces.

Inventory:

Hand Weapons
 a - a +0 hand axe (weapon)
Missiles
 j - 2 curare-tipped darts (quivered)
Armour
 b - a +0 animal skin
 h - a +0 helmet (worn)
 m - a +1 ring mail of positive energy (worn)
 q - a cursed +0 kite shield (worn)
Jewellery
 d - a cursed amulet of inaccuracy (around neck)
 i - an uncursed ring of resist corrosion {unknown}
 n - a +4 ring of protection
Scrolls
 e - 5 scrolls of identify
 l - a scroll of fear {unknown}
 o - a scroll of remove curse {unknown}
 r - a scroll of teleportation {unknown}
 s - a scroll of enchant weapon {unknown}
 t - a scroll of fog {unknown}
 u - a scroll of noise {unknown}
 v - a scroll of blinking {unknown}
 w - a scroll of magic mapping {unknown}
Potions
 c - 2 potions of cancellation
 f - 5 potions of curing {unknown}
 g - a potion of ambrosia {unknown}
 k - a potion of might {unknown}
 p - a potion of invisibility {unknown}


   Skills:
 + Level 4.0 Fighting
 + Level 3.9 Axes
 + Level 2.7 Armour
 + Level 2.6 Dodging
 + Level 1.0 Shields


You had 4 spell levels left.
You didn't know any spells.
Your spell library was empty.

Dungeon Overview and Level Annotations

Branches:
Dungeon (4/15)
 Temple: D:4-7

Altars:
Dithmenos


Innate Abilities, Weirdness & Mutations

You are completely covered in rugged brown scales. (AC +3, +7% HP)
You have supernaturally acute eyesight. (SInv)
Armour fits poorly on your strangely shaped body.
You can roll at nearby foes to attack.
You have a long armoured tail.


Message History

You kill the jackal!
Trog accepts your kill.
You feel sick.
You are no longer poisoned.
You see here a jackal corpse.
Welcome back, Essalna the Palentonga Berserker.
Trog says: Kill them all!
Press ? for a list of commands and other information.
Save game and exit?
Welcome back, Essalna the Palentonga Berserker.
Trog says: Kill them all!
Press ? for a list of commands and other information.
There is a stone staircase leading up here.
You climb upwards.
There is a stone staircase leading down here.
There is an escape hatch in the ceiling here.
A mysterious force pulls you upwards. The hatch slams shut behind you.
There is a staircase leading out of the dungeon here.
Are you sure you want to leave the Dungeon?
This will make you lose the game!
You have escaped!

######.#.##...#######.......###.#
....##.#.###..♣.....P###.#.####.#
.##......##.PP.....P..##........#
.##....#.#........P....#.........
.##..........♣..P....P..#....)...
......###♣..P.P...P.♣...#........
......###..♣...........♣#..#.####
.#.#..##.....P.....P..P.#......##
.#..............@.......#.##.####
.##.#.###.♣..P.....P..♣.#.....###
....#[..................##.......
..#.###.....♣.P...P.♣.♣.##....)..
..#.....#.......P...♣...##.......
#.########...PPP.P♣....###.......
#..............♣.......# #.......
..........##....♣.P..#.######....
..........############..# #....


There were no monsters in sight!

Vanquished Creatures
  A scorpion (D:4)
  An orc priest (D:3)
  Robin (D:2)
  4 gnolls (D:3)
  An adder (D:3)
  A worm (D:2)
  7 orcs (D:3)
  A ball python (D:3)
  9 bats
  A giant cockroach (D:1)
  12 goblins
  6 hobgoblins
  4 jackals
  A quokka (D:3)
  A frilled lizard (D:1)
  10 kobolds
  10 rats
71 creatures vanquished.

Notes
Turn   | Place    | Note
-------+----------+-------------------------------------------
     0 | D:1      | Essalna the Palentonga Berserker began the quest for the
                  | Orb.
     0 | D:1      | Reached XP level 1. HP: 20/20 MP: 1/1
   122 | D:1      | Reached XP level 2. HP: 25/27 MP: 2/2
   851 | D:2      | Reached ** piety under Trog
   867 | D:2      | Reached XP level 3. HP: 30/33 MP: 3/3
   872 | D:2      | Noticed Robin
   901 | D:2      | Killed Robin
  2058 | D:3      | Reached XP level 4. HP: 18/40 MP: 4/4
  2246 | D:3      | Found a shadowy altar of Dithmenos.
  2690 | D:3      | Reached XP level 5. HP: 49/49 MP: 5/5
  3364 | D:4      | Reached skill level 4 in Fighting
  3364 | D:4      | Reached skill level 1 in Shields
  3459 | D:4      | Noticed an ice beast
  3482 | D:3      | Upgraded the game from 0.27-a0-95-g5a9077b8ae to
                  | 0.27-a0-96-gb51a1d6fd6
  3530 | D:$      | Got out of the dungeon alive.

Illustrated notes

Levels and vault maps discovered:
D:1:      wander_arrival_fairy_ring, layout_basic
D:2:      layout_basic, uniq_robin
D:3:      layout_loops_ring, grunt_dithmenos_smoke_and_mirrors
D:4:      corexii_shantytown, layout_rooms, serial_shops, nicolae_shop_trees,
          shop

Skill      XL: |  1  2  3  4  5 |
---------------+----------------+-----
Armour         | 2 |  2.7
Dodging        | 2 |  2.6
Fighting       | 4 |  4.0
Shields        | 1 |  1.0
Axes           | |  3.9

Action                   |  1- 3 |  4- 6 || total
-------------------------+-------+-------++-------
Melee: Hand axe          |   128 |   103 ||   231
       Tailslap          |    16 |     8 ||    24
Throw: Dart              |     3 |    11 ||    14
 Abil: Rolling Charge    |     5 |     1 ||     6
  Use: Scroll            |     2 |       ||     2
Armor: Animal skin       |    62 |       ||    62
       Ring mail         |       |    56 ||    56
Dodge: Dodged            |    97 |    48 ||   145
Block: Kite shield       |       |    32 ||    32

Table legend: (Time is in decaauts)
 A = Elapsed time spent in this place.
 B = Non-inter-level travel time spent in this place.
 C = Inter-level travel time spent in this place.
 D = Time resting spent in this place.
 E = Time spent auto-exploring this place.
 F = Levels seen in this place.
 G = Mean time per level.
                   A        B        C        D        E       F      G
               +--------+--------+--------+--------+--------+-----+--------+
         Total |   3568 |   3469 |     99 |      0 |   2862 |   4 |  892.0 |
       Dungeon |   3568 |   3469 |     99 |      0 |   2862 |   4 |  892.0 |
               +--------+--------+--------+--------+--------+-----+--------+

Top non-repeatable levels by time:
     D:3: 1373 daAuts
     D:2: 1224 daAuts
     D:1: 846 daAuts
     D:4: 124 daAuts
